 Dungeon Crawl Stone Soup version 0.29.0-13-gc9e81de378 (webtiles) character file.

Game seed: 186594088444057097

112417 LustLizard the Brawler (level 16, -4/165 HPs)
             Began as a Troll Fighter on Sept 8, 2022.
             Was the Champion of Wu Jian.
             Hit by a silver javelin thrown by a merfolk javelineer (7 damage)
             ... on level 4 of the Shoals on Sept 9, 2022.
             The game lasted 00:54:02 (22607 turns).

LustLizard the Brawler (Troll Fighter)             Turns: 22607, Time: 00:54:03

Health: -4/165     AC: 11    Str: 42    XL:     16   Next: 11%
Magic:  0/15       EV: 14    Int:  7    God:    Wu Jian [******]
Gold:   2678       SH:  0    Dex: 16    Spells: 15/15 levels left

rFire   . . .      SeeInvis .     - Unarmed
rCold   . . .      Faith    .   r - +1 kite shield of Complete Protection {rC- Regen+ Str+8 Stlth+}
rNeg    . . .      Spirit   +   N - +2 robe of a volcano {+Inv}
rPois   +          Reflect  .   O - +2 hat of Failure {rF+ Regen+ rCorr Int-3}
rElec   .          Harm     .   l - +2 cloak "Omolett" {rPois rF- Regen+ Dex+7}
rCorr   +          Rampage  .   (gloves unavailable)
Will    +....                   (boots unavailable)
Stlth   ++........              Q - brooch of Shielding {Spirit SH+8}
HPRegen 3.57/turn               u - ring of protection from cold
MPRegen 0.14/turn               K - +6 ring of strength

@: confused, ambrosia-drunk, studying Axes
A: large, unfitting armour, claws 3, regeneration 1, shaggy fur 1, tough skin 1
a: Renounce Religion, Evoke Invisibility, Wall Jump, Serpent's Lash, Heavenly
Storm


You were on level 4 of the Shoals.
You worshipped Wu Jian.
Wu Jian was exalted by your worship.
You visited 5 branches of the dungeon, and saw 25 of its levels.
You also visited: Ossuary, Bailey and Ice Cave.

You collected 2809 gold pieces.
You spent 131 gold pieces at shops.

Inventory:

Hand Weapons
 a - a +3 mace of venom
Missiles
 f - 6 curare-tipped darts
 g - 32 poisoned darts
 m - 4 throwing nets
 t - 33 boomerangs (quivered)
 z - 2 boomerangs of dispersal
 X - 10 javelins
Armour
 l - the +2 cloak "Omolett" (worn) {rPois rF- Regen+ Dex+7}
   (You acquired it in a bailey)

   Dex:       It affects your dexterity (+7).
   rF:        It makes you vulnerable to fire.
   rPois:     It protects you from poison.
   Regen:     It increases your rate of health regeneration.
 r - the +1 kite shield of Complete Protection (worn) {rC- Regen+ Str+8 Stlth+}
   (You acquired it on level 3 of the Dungeon)

   Str:       It affects your strength (+8).
   rC:        It makes you vulnerable to cold.
   Regen:     It increases your rate of health regeneration.
   Stlth:     It makes you more stealthy.
 A - a scarf of resistance
 N - the +2 robe of a volcano (worn) {+Inv}
   (You acquired it on level 7 of the Dungeon)

   +Inv:      It lets you turn invisible.
 O - the +2 hat of Failure (worn) {rF+ Regen+ rCorr Int-3}
   (You acquired it in a bailey)

   Int:       It affects your intelligence (-3).
   rF:        It protects you from fire.
   Regen:     It increases your rate of health regeneration.
   rCorr:     It protects you from acid and corrosion.
 P - a +1 tower shield of reflection
 R - a +0 tower shield of cold resistance
 V - a +1 robe of willpower
Jewellery
 u - a ring of protection from cold (left claw)
 w - a ring of protection from fire
 y - a ring of willpower
 J - a ring of flight
 K - a +6 ring of strength (right claw)
 Q - the brooch of Shielding (around neck) {Spirit SH+8}
   (You acquired it in a bailey)

   [amulet of guardian spirit]

   It causes incoming damage to be divided between your reserves of health and
   magic.
   SH:        It affects your SH (+8).
Wands
 q - a wand of quicksilver (6)
 v - a wand of mindburst (10)
 C - a wand of polymorph (8)
 D - a wand of roots (19)
 L - a wand of digging (14)
 Y - a wand of flame (47)
 Z - a wand of paralysis (11)
Scrolls
 d - a scroll of summoning
 e - 2 scrolls of blinking
 i - 5 scrolls of enchant armour
 j - 12 scrolls of teleportation
 B - 5 scrolls of fog
 F - 4 scrolls of poison
 G - 4 scrolls of magic mapping
 I - 2 scrolls of torment
 M - 7 scrolls of fear
 U - 2 scrolls of silence
Potions
 b - 5 potions of ambrosia
 c - 7 potions of might
 h - 3 potions of cancellation
 k - 5 potions of berserk rage
 n - 14 potions of curing
 o - 4 potions of lignification
 p - 4 potions of flight
 s - 4 potions of mutation
 x - 3 potions of brilliance
 E - 2 potions of resistance
 T - a potion of haste
 W - 7 potions of heal wounds
Miscellaneous
 H - a phial of floods
 S - a condenser vane


   Skills:
 + Level 12.1 Fighting
 + Level 9.7 Dodging
 + Level 13.0 Shields
 * Level 19.3 Unarmed Combat


You had 15 spell levels left.
You didn't know any spells.
Your spell library contained the following spells:

 Spells                   Type           Power      Damage    Failure   Level
 Apportation              Tloc           0%         N/A       61%         1
 Beastly Appendage        Tmut           0%         N/A       61%         1
 Blink                    Tloc           0%         N/A       75%         2
 Scorch                   Fire           0%         2d5       75%         2
 Sublimation of Blood     Necr           0%         N/A       75%         2
 Wereblood                Tmut           0%         N/A       75%         2
 Call Canine Familiar     Summ           0%         N/A       93%         3
 Dazzling Flash           Conj/Hex       0%         N/A       93%         3
 Gell's Gravitas          Tloc           0%         N/A       93%         3
 Lesser Beckoning         Tloc           0%         N/A       93%         3
 Portal Projectile        Hex/Tloc       0%         N/A       93%         3
 Spider Form              Tmut/Pois      0%         N/A       93%         3
 Teleport Other           Tloc           0%         N/A       93%         3
 Animate Armour           Summ/Erth      0%         N/A       100%        4
 Flame Wave               Conj/Fire      0%         2d4       100%        4
 Leda's Liquefaction      Hex/Erth       0%         N/A       100%        4
 Olgreb's Toxic Radiance  Pois           0%         N/A       100%        4
 Petrify                  Tmut/Erth      0%         N/A       100%        4
 Alistair's Intoxication  Tmut/Pois      0%         N/A       100%        5
 Fireball                 Conj/Fire      0%         3d3       100%        5
 Irradiate                Conj/Tmut      0%         3d11      100%        5
 Manifold Assault         Tloc           0%         N/A       100%        5
 Summon Forest            Summ/Tloc      0%         N/A       100%        5
 Eringya's Noxious Bog    Tmut/Pois      0%         N/A       100%        6
 Starburst                Conj/Fire      0%         6d3       100%        6
 Summon Cactus Giant      Summ           0%         N/A       100%        6
 Ozocubu's Refrigeration  Ice            0%         4d7       100%        7
 Storm Form               Tmut/Air       0%         N/A       100%        7
 Summon Hydra             Summ           0%         N/A       100%        7
 Ignition                 Fire           0%         3d3       100%        8


Dungeon Overview and Level Annotations

Branches:
Dungeon (13/15)            Temple (1/1) D:5            Lair (5/5) D:9
 Shoals (4/4) Lair:3       Spider (0/4) Lair:2        Slime (0/5) Lair:4
    Orc (2/2) D:12            Elf (0/3) Orc:2        Vaults (0/5) D:13
Ossuary (visited)          Bailey (visited)           IceCv (visited)

Altars:
Ashenzari
Cheibriados
Dithmenos
Elyvilon
Fedhas
Gozag
Kikubaaqudgha
Nemelex Xobeh
Okawaru
Qazlal
Ru
Sif Muna
Trog
Uskayaw
Vehumet
Wu Jian
Xom
Yredelemnul
Zin
The Shining One
Jiyva

Shops:
D:9 ?   Orc:1 =   Orc:2 (*:[   Shoals:1 ::

Annotations:
Temple 4 transporters


Innate Abilities, Weirdness & Mutations

You are too large for most types of armour.
You have claws for hands.
Your natural rate of healing is unusually fast.
You are covered in fur. (AC +1)
You have tough skin. (AC +1)


Message History

The merfolk javelineer hits you from afar with a +1 vorpal spear!
* * * LOW HITPOINT WARNING * * *
The merfolk impaler closely misses you.
You feel sick.
You are no longer poisoned.
The merfolk javelineer throws a silver javelin.
The silver javelin pierces through you!
* * * LOW HITPOINT WARNING * * *
The merfolk impaler closely misses you.
The merfolk javelineer throws a silver javelin.
The silver javelin pierces through you!
* * * LOW HITPOINT WARNING * * *
x2 The merfolk impaler barely misses you.
There is an open door, spattered with blood here.
Things that are here:
4 large rocks; a cyclops corpse; a sea snake corpse The merfolk impaler misses you.
The merfolk javelineer throws a silver javelin.
The silver javelin pierces through you!!
* * * LOW HITPOINT WARNING * * *
x2 The silver javelin pierces through the plant!!
The plant begins to die.
The silver javelin pierces through the plant!
The plant begins to die.
The silver javelin pierces through the plant!!
The plant begins to die.
The merfolk impaler barely misses you. The merfolk impaler barely misses you.
The merfolk javelineer throws a silver javelin.
The silver javelin pierces through you!
* * * LOW HITPOINT WARNING * * *
x2
There is an open door, spattered with blood here.
Things that are here:
4 large rocks; a cyclops corpse; a sea snake corpse You miss the merfolk javelineer.
The merfolk javelineer is severely wounded.
The merfolk impaler hits you with a +3 trident of venom!
* * * LOW HITPOINT WARNING * * *
The merfolk javelineer throws a silver javelin.
The silver javelin pierces through you!
You die...

≈≈≈≈≈≈≈≈≈≈~~~~
≈≈≈≈≈≈≈≈≈~~~~ ≈≈≈≈≈≈≈≈~~~~
≈≈≈≈≈≈≈≈~~~ ≈≈≈≈≈≈≈~~~
≈≈≈≈~P~~~ #+##
≈≈~~PP~P##~.~##~~~~~~..~
PP~~~~P.#.....#.~~~~~~~k
P~P~.....@m.:..#..~~~≈≈≈≈
~~P..P..m#.....#..~≈≈~≈~~
P~.......##...##..≈≈..≈~~≈
~P........#####......~~~~~
~......)..P.PP~~.....~~...
~.........†)).....# .~~..
~~~..........P)..## .~.##
≈≈~~~~..#####).†.# ....##
≈≈≈≈≈~~..P##.<~.)###.....#


You could see a merfolk impaler and a merfolk javelineer.

Vanquished Creatures
  2 hellephants (D:13)
  Gastronok (Lair:2)
  2 orc warlords (Orc:2)
  A reaper (IceCv)
  A merfolk impaler (Shoals:4)
  2 merfolk javelineers
  Josephine (Shoals:1)
  4 vault guards (D:13)
  2 boulder beetles
  8 hydras
  The ghost of Brisketman the Carver, a journeyman DsGl of Ru (Lair:1)
  2 centaur warriors (D:13)
  A merfolk aquamancer (Shoals:2)
  2 two-headed ogres
  A satyr (Shoals:4)
  An orc high priest (Orc:2)
  2 hell hogs (D:13)
  2 death yaks (Shoals:3)
  Nergalle (Lair:1)
  2 goliath frogs (Lair:5)
  Lodul (D:12)
  An orb spider (Lair:2)
  3 sea snakes
  A deep elf archer (D:13)
  A wizard (D:13)
  7 orc knights
  A deep elf pyromancer (D:11)
  Pikel (D:6)
  3 oklob plants (Lair:3)
  6 orc sorcerers
  3 ugly things
  6 manticores
  6 cyclopes
  4 fauns
  20 elephants
  2 ice statues (IceCv)
  3 merfolk sirens
  17 cane toads
  2 water nymphs (Shoals:3)
  5 black mambas
  2 torpor snails
  A gargoyle (D:13)
  2 unseen horrors
  Psyche (D:11)
  10 komodo dragons
  3 rime drakes
  A yaktaur (D:13)
  2 tengu conjurers (D:13)
  6 ice devils (IceCv)
  3 polar bears
  A queen bee (Lair:3)
  2 hornets
  7 trolls
  7 merfolk
  6 meliai (D:13)
  6 wind drakes
  13 slime creatures
  3 tyrant leeches (Lair:5)
  14 blink frogs
  7 snapping turtles
  7 dream sheep
  2 shadows
  A vampire (D:13)
  5 water elementals
  8 wraiths
  A dire elephant simulacrum (IceCv)
  43 yaks
  4 wyverns
  3 basilisks
  Grum (D:11)
  9 vampire mosquitoes
  3 death yak simulacra
  2 steam dragons
  6 wargs
  2 harpy simulacra (IceCv)
  13 water moccasins
  12 hell hounds (D:13)
  Duvessa (D:5)
  A floating eye (Lair:3)
  An ice beast (D:8)
  39 orc warriors
  10 black bears
  7 ogres
  A sky beast (D:6)
  2 black mamba simulacra (Lair:1)
  20 wolves
  22 centaurs
  2 phantoms
  A lemure (D:6)
  A kobold brigand (D:7)
  An elf zombie (Ossuary)
  17 bullfrogs
  3 necrophages
  A gnoll sergeant (D:5)
  3 cane toad simulacra
  6 two-headed ogre simulacra
  4 scorpions
  7 wights
  Dowan (D:5)
  A troll zombie (Ossuary)
  41 killer bees
  2 elephant simulacra
  2 howler monkeys
  2 electric eels (D:12)
  A torpor snail simulacrum (Lair:1)
  A komodo dragon simulacrum (Lair:1)
  5 hounds
  5 jellies
  15 orc priests
  Jessica (D:3)
  3 iguanas
  19 orc wizards
  7 hell rats (Lair:5)
  2 troll simulacra
  2 polar bear simulacra
  3 spriggan simulacra
  2 wolf simulacra (IceCv)
  4 ogre zombies (Ossuary)
  8 mummies
  Robin (D:2)
  12 gnolls
  7 adders
  2 naga simulacra
  A shadow imp (D:6)
  6 white imps
  4 ufetubi
  5 adder zombies (Ossuary)
  2 worms
  A dart slug (D:4)
  99 orcs
  6 bats
  11 endoplasms
  2 giant cockroaches
  16 goblins
  8 hobgoblins
  A jackal (D:4)
  6 kobolds
  4 quokkas
  6 ball pythons
  2 frilled lizards (D:1)
  A gnoll zombie (Ossuary)
  3 goblin zombies (Ossuary)
  5 hobgoblin zombies (Ossuary)
  3 kobold zombies (Ossuary)
  2 quokka zombies (Ossuary)
  6 rats
  5 rat zombies (Ossuary)
  2 butterflies (Lair:1)
857 creatures vanquished.

Vanquished Creatures (others)
  An orc warrior (Bailey)
  2 centaurs (Bailey)
  15 fungi
  118 plants
136 creatures vanquished.

Grand Total: 993 creatures vanquished

Notes
Turn   | Place    | Note
-------+----------+-------------------------------------------
     0 | D:1      | LustLizard the Troll Fighter began the quest for the Orb.
     0 | D:1      | Reached XP level 1. HP: 22/22 MP: 0/0
   203 | D:1      | Reached XP level 2. HP: 29/29 MP: 1/1
   314 | D:1      | Found a faded altar of an unknown god.
   909 | D:2      | Reached XP level 3. HP: 36/36 MP: 2/2
   924 | D:2      | Reached skill level 3 in Unarmed Combat
  1012 | D:2      | Noticed Robin
  1031 | D:2      | Killed Robin
  1033 | D:2      | Reached XP level 4. HP: 43/44 MP: 3/3
  1517 | D:3      | Identified 6 scrolls of acquirement
  1517 | D:3      | Acquired the +1 kite shield of Complete Protection {rC-
                  | Regen+ Str+8 Stlth+}
  1601 | D:3      | Noticed Jessica
  1609 | D:3      | Killed Jessica
  1619 | D:3      | Got Jessica's Octavo of the Excursion
  2402 | D:4      | Noticed a necrophage
  2406 | D:4      | Killed a necrophage
  2407 | D:4      | Reached skill level 4 in Unarmed Combat
  2407 | D:4      | Reached XP level 5. HP: 49/53 MP: 4/4
  3052 | D:5      | Entered Level 5 of the Dungeon
  3063 | D:4      | HP: 1/53 [orc wizard/magic dart (8)]
  3068 | D:4      | Reached XP level 6. HP: 25/61 MP: 5/5
  3133 | D:5      | Reached skill level 5 in Unarmed Combat
  3364 | D:5      | Found a staircase to the Ecumenical Temple.
  3367 | D:5      | Noticed a water moccasin
  3387 | D:5      | Killed a water moccasin
  3388 | D:5      | Reached XP level 7. HP: 56/70 MP: 6/6
  3396 | Temple   | Entered the Ecumenical Temple
  3396 | Temple   | Found a transporter.
  3396 | Temple   | Found a transporter.
  3401 | Temple   | Found a transporter.
  3401 | Temple   | Found a transporter.
  3417 | Temple   | Became a worshipper of the Wu Jian Council
  3470 | D:5      | Reached skill level 6 in Unarmed Combat
  3689 | D:5      | Reached XP level 8. HP: 73/79 MP: 7/7
  3698 | D:5      | Reached skill level 5 in Shields
  3699 | D:5      | Reached skill level 7 in Unarmed Combat
  3891 | D:5      | Noticed Duvessa
  3892 | D:5      | Noticed Dowan
  3901 | D:5      | Killed Duvessa
  3912 | D:5      | Killed Dowan
  4118 | D:6      | Reached * piety under Wu Jian
  4189 | D:6      | Reached skill level 5 in Fighting
  4194 | D:6      | Reached skill level 8 in Unarmed Combat
  4306 | D:6      | Found a sand-covered staircase.
  4315 | Ossuary  | Entered an ossuary
  4484 | Ossuary  | Reached XP level 9. HP: 65/88 MP: 8/8
  4506 | Ossuary  | Reached ** piety under Wu Jian
  4717 | D:6      | Noticed Pikel
  4729 | D:6      | Killed Pikel
  4730 | D:6      | Reached skill level 9 in Unarmed Combat
  4963 | D:6      | Found an ancient bone altar of Kikubaaqudgha.
  4981 | D:6      | Found an iron altar of Okawaru.
  4985 | D:6      | Found a broken altar of Ashenzari.
  5168 | D:6      | Reached skill level 10 in Unarmed Combat
  5262 | D:6      | Killed an unseen horror
  5263 | D:6      | Reached XP level 10. HP: 70/100 MP: 9/9
  5373 | D:7      | Found a flagged portal.
  5377 | D:7      | Reached *** piety under Wu Jian
  5400 | D:7      | Acquired the +2 robe of a volcano {+Inv}
  5413 | Bailey   | Entered a bailey
  5428 | Bailey   | Acquired the +2 hat of Failure {rF+ Regen+ rCorr Int-3}
  5435 | Bailey   | Acquired a +1 tower shield of reflection
  5437 | Bailey   | Acquired the brooch of Shielding {Spirit SH+8}
  5437 | Bailey   | Found the brooch of Shielding {Spirit SH+8}
  5451 | Bailey   | Acquired the +2 cloak "Omolett" {rPois rF- Regen+ Dex+7}
  5696 | Bailey   | Reached skill level 11 in Unarmed Combat
  6547 | D:7      | Reached **** piety under Wu Jian
  6925 | D:7      | Reached skill level 12 in Unarmed Combat
  7312 | D:8      | Reached XP level 11. HP: 109/109 MP: 10/10
  7804 | D:9      | Found Ymaaratz's Magic Scroll Emporium.
  7811 | D:9      | Bought a scroll of identify for 26 gold pieces
  7984 | D:9      | Found a staircase to the Lair.
  7998 | D:9      | Reached ***** piety under Wu Jian
  8643 | D:10     | Entered Level 10 of the Dungeon
  8836 | D:10     | Noticed a two-headed ogre
  8839 | D:10     | Killed a two-headed ogre
  8840 | D:10     | Reached skill level 13 in Unarmed Combat
  9127 | D:10     | You fall into a shaft and drop 3 floors!
  9127 | D:13     | Found a huge runed gate.
  9128 | D:13     | Found a huge runed gate.
  9128 | D:13     | Found a huge runed gate.
  9128 | D:13     | Found a huge runed gate.
  9129 | D:13     | Found a huge runed gate.
  9129 | D:13     | Found a huge runed gate.
  9129 | D:13     | Found a huge runed gate.
  9130 | D:13     | Found a huge runed gate.
  9130 | D:13     | Found a huge runed gate.
  9130 | D:13     | Found a huge runed gate.
  9133 | D:13     | Found a huge runed gate.
  9133 | D:13     | Found a huge runed gate.
  9133 | D:13     | Found a huge runed gate.
  9133 | D:13     | Found a huge runed gate.
  9133 | D:13     | Found a huge runed gate.
  9134 | D:13     | Found a huge runed gate.
  9135 | D:13     | Found a huge runed gate.
  9138 | D:13     | Found a huge runed gate.
  9138 | D:13     | Found a huge runed gate.
  9146 | D:13     | Found a huge runed gate.
  9146 | D:13     | Found a huge runed gate.
  9146 | D:13     | Found a huge runed gate.
  9146 | D:13     | Found a huge runed gate.
  9146 | D:13     | Found a huge runed gate.
  9147 | D:13     | Found a huge runed gate.
  9148 | D:13     | Found a huge runed gate.
  9149 | D:13     | Found a huge runed gate.
  9150 | D:13     | Found a huge runed gate.
  9197 | D:13     | Found a huge runed gate.
  9197 | D:13     | Found a huge runed gate.
  9197 | D:13     | Found a huge runed gate.
  9197 | D:13     | Found a huge runed gate.
  9239 | D:13     | Noticed a vault guard
  9265 | D:13     | Found a huge runed gate.
  9265 | D:13     | Found a huge runed gate.
  9266 | D:13     | Found a huge runed gate.
  9267 | D:13     | Found a huge runed gate.
  9398 | D:13     | Noticed a centaur warrior
  9410 | D:13     | Killed a centaur warrior
  9471 | D:12     | Noticed Lodul
  9487 | D:12     | Noticed a cyan ugly thing
  9533 | D:12     | Killed a cyan ugly thing
  9534 | D:12     | Reached XP level 12. HP: 122/122 MP: 11/11
  9613 | D:12     | Noticed an eight-headed hydra
  9827 | D:11     | Noticed Grum
  9833 | D:11     | Reached skill level 14 in Unarmed Combat
  9835 | D:11     | Killed Grum
  9962 | D:11     | Noticed Psyche
  9983 | D:11     | Killed Psyche
 10897 | Lair:1   | Entered Level 1 of the Lair of Beasts
 10917 | Lair:1   | Reached skill level 5 in Dodging
 10926 | Lair:1   | Noticed Nergalle
 10938 | Lair:1   | Killed Nergalle
 11071 | Lair:1   | Reached skill level 10 in Shields
 11201 | Lair:1   | Noticed Brisketman's ghost (journeyman DsGl)
 11226 | Lair:1   | Found a runed translucent gate.
 11226 | Lair:1   | Found a runed translucent gate.
 11226 | Lair:1   | Found a runed translucent gate.
 11313 | Lair:1   | Noticed a four-headed hydra
 11324 | Lair:1   | Killed a four-headed hydra
 11396 | Lair:1   | You fall into a shaft and drop 1 floor!
 11405 | Lair:2   | Reached skill level 15 in Unarmed Combat
 11487 | Lair:2   | Reached XP level 13. HP: 131/131 MP: 12/12
 11519 | Lair:2   | Reached ****** piety under Wu Jian
 11616 | Lair:2   | Noticed Gastronok
 11636 | Lair:2   | Killed Gastronok
 12953 | Lair:2   | Found a hole to the Spider Nest.
 13289 | Lair:3   | Paralysed by a floating eye for 4 turns
 13414 | Lair:3   | Reached skill level 10 in Fighting
 13487 | Lair:3   | Reached skill level 16 in Unarmed Combat
 13536 | Lair:3   | Found a staircase to the Shoals.
 14413 | Lair:4   | Found a staircase to the Slime Pits.
 14413 | Lair:4   | Found a viscous altar of Jiyva.
 15122 | Lair:5   | Entered Level 5 of the Lair of Beasts
 15246 | Lair:5   | Reached XP level 14. HP: 144/144 MP: 13/13
 15615 | Lair:5   | Reached skill level 17 in Unarmed Combat
 15753 | Lair:5   | Identified the +10 dagger of a treasure trove {vorpal,
                  | rCorr}
 16239 | D:12     | Found a staircase to the Orcish Mines.
 16534 | D:12     | Killed Lodul
 17033 | Orc:1    | Entered Level 1 of the Orcish Mines
 17046 | Orc:1    | Found Pewnar's Jewellery Shoppe.
 17061 | Orc:1    | Found a frozen archway.
 17108 | IceCv    | Entered an ice cave
 17306 | IceCv    | Noticed a reaper
 17348 | IceCv    | Killed a reaper
 17858 | Orc:2    | Entered Level 2 of the Orcish Mines
 17939 | Orc:2    | Reached XP level 15. HP: 154/154 MP: 12/14
 17940 | Orc:2    | Noticed an orc warlord
 18004 | Orc:2    | Reached skill level 18 in Unarmed Combat
 18068 | Orc:2    | Found a staircase to the Elven Halls.
 18415 | Orc:2    | Killed an orc warlord
 18422 | Orc:2    | Found Liocyd's General Store.
 18459 | Orc:2    | Found Qainneh's Antique Armour Shop.
 18560 | Orc:2    | Noticed an orc warlord
 18587 | Orc:2    | Killed an orc warlord
 18778 | Orc:2    | Found Moythic's Antique Weapon Shop.
 18793 | Orc:2    | Found Fietsod's Book Shop.
 18984 | Orc:2    | Bought a potion of heal wounds for 75 gold pieces
 18984 | Orc:2    | Bought a scroll of identify for 30 gold pieces
 19343 | D:13     | Got the Commentary on Fey Excavation
 19529 | D:13     | Paralysed by an orc sorcerer for 5 turns
 19592 | D:13     | Found a gate to the Vaults.
 19856 | D:13     | Noticed a hellephant
 19955 | D:13     | Noticed a hellephant
 19959 | D:13     | Killed a hellephant
 19971 | D:13     | Killed a hellephant
 20228 | Lair:1   | Killed Brisketman's ghost
 20266 | Lair:1   | Got the ring "Xofic" {Fire Int+4}
 20351 | Shoals:1 | Entered Level 1 of the Shoals
 20414 | Shoals:1 | Noticed Josephine
 20420 | Shoals:1 | Killed Josephine
 20445 | Shoals:1 | Found Ybi Xeso's Vocational Training.
 20513 | Shoals:1 | Found Femexioj's Book Emporium.
 20537 | Shoals:1 | You fall into a shaft and drop 1 floor!
 21254 | Shoals:2 | Reached skill level 19 in Unarmed Combat
 21676 | Shoals:3 | Found the +9 staff of Wucad Mu {*channel}
 22408 | Shoals:4 | Entered Level 4 of the Shoals
 22410 | Shoals:4 | Reached XP level 16. HP: 165/165 MP: 15/15
 22606 | Shoals:4 | HP: 8/165 [merfolk javelineer/silver javelin (10)]
 22607 | Shoals:4 | HP: 3/165 [merfolk impaler/+3 trident of venom (10)]
 22607 | Shoals:4 | Hit by a silver javelin thrown by a merfolk javelineer

Illustrated notes

Levels and vault maps discovered:
D:1:      lightli_arrival_chessboard, layout_basic,
          ebering_ecumenical_altar_hall, chequers_serial_rivers_micro_b
D:2:      layout_loops_ring, uniq_robin
D:3:      layout_loops_cross, roderic_lattice_a, wad_floor_pattern_1,
          supply_closet_lemuel, kennysheep_jessica_study
D:4:      layout_gridville, minmay_fountain_box, chequers_serial_rivers_small_b,
          grunt_ministairs_7, st_stairs_14
D:5:      layout_basic, minmay_temple_entry_offerings, uniq_duvessa
D:6:      minmay_clustersquares, layout_basic, grunt_temple_overflow_open,
          gup_ossuary_entry_pyramid, minmay_pentangle, uniq_pikel
D:7:      layout_loops_corners, enter_bailey_2, kennysheep_cross_room,
          minmay_fractal_squares_gapless_5
D:8:      layout_cave_pools
D:9:      gammafunk_indiana_jones, layout_loops_corners, david_lair_shrubbed,
          serial_shops, shop
D:10:     layout_stronghold
D:11:     layout_cave_pools, serial_column_ruins, column_ruins_grid_1,
          column_ruins_grid_1, column_ruins_corridor_plus,
          column_ruins_open_tiny, column_ruins_columns_straight,
          column_ruins_grid_2, hangedman_fish_farm, uniq_psyche, uniq_grum
D:12:     layout_basic, david_orc_2, uniq_lodul
D:13:     layout_small_grid, grunt_vaults_entry_fortified, not_door_vault_due
Temple:   hellmonk_temple_divided_pantheon
Lair:1:   layout_chaotic_city, gammafunk_ghost_icy, grunt_megastairs_5,
          lemuel_fruit_fields, uniq_nergalle
Lair:2:   layout_hall_layers, nicolae_spider_entry_orb_guardian,
          serial_bayou_shore_a, grunt_megastairs_1, uniq_gastronok
Lair:3:   layout_small_grid, elwin_shoals_entry_rocks, special_room
          [special_room_bee], disabler_island
Lair:4:   hellmonk_ruined_rings, layout_loops_ring,
          nicolae_slime_entry_slimehenge
Lair:5:   minmay_lair_end_frog_pond, layout_loops_ring, st_stairs_7,
          lemuel_fruit_tree
Shoals:1: layout_shoals, serial_shops, shop, nicolae_shop_vocational,
          uniq_josephine
Shoals:2: layout_shoals
Shoals:3: layout_shoals, uniq_polyphemus
Shoals:4: shoals_end_simple, layout_shoals, serial_shops, shop
Orc:1:    layout_caves, portal_ice_cave_entry_ice_simulacra,
          minmay_shop_enchanted_jewellery, minmay_orc_barracks, uniq_erolcha
Orc:2:    grunt_orc_cross, layout_caves

Skill      XL: |  1  2  3  4  5  6  7  8  9 10 11 12 13 14 15 16 |
---------------+-------------------------------------------------+-----
Shields        | 3 4 6 7 8 9 10 11 12 13 | 13.0
Unarmed Combat | 3 4 5 6 8 10 12 13 15 16 17 19 | 19.3
Fighting       | 3 4 5 6 7 8 9 10 11 12 | 12.1
Dodging        | 4 5 7 8 9 |  9.7

Action                   |  1- 3 |  4- 6 |  7- 9 | 10-12 | 13-15 | 16-18 || total
-------------------------+-------+-------+-------+-------+-------+-------++-------
Melee: Unarmed           |    89 |   139 |   294 |   646 |  1178 |    63 ||  2409
       Mace              |       |       |       |       |    50 |       ||    50
Throw: Dart              |       |     9 |       |    17 |       |       ||    26
       Boomerang         |       |       |       |     8 |       |       ||     8
Invok: Lunge             |       |       |    36 |    53 |   102 |     9 ||   200
       Whirlwind         |       |       |     2 |    52 |    38 |     2 ||    94
  Use: Potion            |       |     2 |     1 |     2 |     7 |     1 ||    13
       Scroll            |       |     2 |       |    19 |    14 |       ||    35
 Stab: Sleeping          |       |     3 |    12 |     8 |     6 |       ||    29
       Invisible         |       |       |       |     5 |       |       ||     5
       Distracted        |       |       |       |     2 |     2 |       ||     4
Armor: Robe              |    20 |    46 |    51 |   172 |   201 |     3 ||   493
       Skin              |       |       |       |     5 |    14 |       ||    19
Dodge: Dodged            |    29 |    34 |    53 |   211 |   373 |    18 ||   718
Block: Kite shield       |    28 |    46 |   111 |   677 |  1086 |    34 ||  1982
       Other             |       |       |       |     2 |       |       ||     2
